 Dungeon Crawl Stone Soup version 0.30.0-5-g1a98f26d00 (webtiles) character file.

Game seed: 12210435123662417377

233 backslashecho the Chopper (level 6, -3/48 HPs)
             Began as a Human Cinder Acolyte on May 11, 2023.
             Was a High Priest of Ignis.
             Slain by Edmund
             ... wielding a +2 flail of venom
              (11 damage)
             ... on level 4 of the Dungeon.
             The game lasted 00:08:20 (2842 turns).

backslashecho the Chopper (Human Cinder Acolyte)    Turns: 2842, Time: 00:08:21

Health: -3/48      AC:  8    Str: 16    XL:     6   Next: 25%
Magic:  7/7        EV:  7    Int: 15    God:    Ignis [*****.]
Gold:   118        SH:  0    Dex:  8    Spells: 7/7 levels left

rFire   + . .        a - +0 hand axe
rCold   . . .        (no shield)
rNeg    . . .        k - +0 chain mail
rPois   .            (no helmet)
rElec   .            (no cloak)
rCorr   .            (no gloves)
SInv    .            (no boots)
Will    +....        (no amulet) Stlth
                     c - ring of willpower
HPRegen 0.28/turn    (no ring)
MPRegen 0.10/turn

%: no passive effects
@: lethally poisoned (-3 -> -6)
A: no striking features
a: Renounce Religion, Fiery Armour, Foxfire Swarm, Rising Flame


You were on level 4 of the Dungeon.
You worshipped Ignis.
Ignis was extremely pleased with you.
You visited 1 branch of the dungeon, and saw 4 of its levels.

You collected 118 gold pieces.

Inventory:

Hand Weapons
 a - a +0 hand axe (weapon)
 b - a -1 hand axe of flaming
Missiles
 l - 2 poisoned darts (quivered)
Armour
 k - a +0 chain mail (worn)
 p - a +1 pair of boots
Jewellery
 c - a ring of willpower (left hand)
 f - a ring of fire
Scrolls
 d - a scroll of teleportation
 m - a scroll of identify
 o - 2 scrolls of fog {unknown}
Potions
 e - a potion of degeneration {unknown}
 g - 2 potions of mutation
 i - a potion of flight {unknown}
 j - a potion of invisibility {unknown}
 n - a potion of heal wounds {unknown}


   Skills:
 + Level 4.1 Fighting
 * Level 5.1 Axes
 + Level 1.7 Armour
 - Level 1.5 Unarmed Combat
 - Level 1.0 Spellcasting
 - Level 3.0 Fire Magic


You had 7 spell levels left.
You didn't know any spells.
Your spell library contained the following spells:

 Spells                   Type           Power      Damage    Failure   Level
 Scorch                   Fire           18%        2d6       80%         2
 Slow                     Hex            0%         N/A       97%         1
 Confusing Touch          Hex            0%         N/A       100%        3
 Vampiric Draining        Necr           0%         2d6       100%        3
 Animate Armour           Summ/Erth      0%         N/A       100%        4
 Blade Hands              Tmut           0%         N/A       100%        5
 Iron Shot                Conj/Erth      0%         9d1       100%        6


Dungeon Overview and Level Annotations

Branches:
Dungeon (4/15)
 Temple: D:4-7

Altars:
Kikubaaqudgha

Annotations:
D:4 Edmund


Message History

Edmund hits you but does no damage.
You are more poisoned.
The orc hits you with a +0 war axe.
You take 9 damage, and have 32/48 hp.
You hit Edmund.
Edmund is moderately wounded.
You barely miss the orc.
You feel very sick.
Edmund hits you with a +2 flail of venom!
You are lethally poisoned!
The orc hits you but does no damage.
You take 11 damage, and have 21/48 hp.
MASSIVE DAMAGE!!
You closely miss Edmund.
Edmund is moderately wounded.
You slash the orc!
You kill the orc!
You feel very sick.
Edmund hits you with a +2 flail of venom.
* * * LOW HITPOINT WARNING * * *
You are more poisoned.
You take 8 damage, and have 13/48 hp.
An ogre comes into view. It is wielding a +0 giant club.
Found 7 gold pieces.
* * * LOW HITPOINT WARNING * * *
You feel extremely sick.
The ogre shouts!
You see here a +0 war axe.
You take 8 damage, and have 5/48 hp.
Okay, then.
Okay, then.
Press: ? - help, v - describe, . - travel
Here: Edmund, wielding a +2 flail of venom and wearing a +0 leather armour (moderately wounded, very poisoned)
The floor, spattered with blood.
Unknown command.
Okay, then.
Okay, then.
It was a potion of curing.
You feel better. Edmund hits you but does no damage.
You are poisoned.
You regained 8 hp, and now have 13/48 hp.
Found a stone staircase leading down.
You feel very sick.
You take 2 damage, and have 11/48 hp.
You feel sick.
You take 1 damage, and have 10/48 hp.
You feel sick.
There is a stone staircase leading down here.
You take 2 damage, and have 8/48 hp.
You feel sick.
Edmund hits you with a +2 flail of venom!
You die...

#.### #..
#.#..... #.#.#.$
#.#.#.#
#.#...###
#.#.....
#.#..######
#@@O......#
###.####.. #)#
#.# #.####.#
+###.
#..(.#.####.....
####'#..........
#..(..........
#.........$..#
#.............


You could see Edmund (very poisoned) and an ogre.

Vanquished Creatures
  A scorpion (D:4)
  An orc priest (D:3)
  A hound (D:4)
  4 adders
  A worm (D:4)
  2 dart slugs
  8 orcs
  8 ball pythons
  3 endoplasms
  A giant cockroach (D:2)
  2 goblins (D:1)
  8 hobgoblins
  10 kobolds
  3 quokkas
  9 bats
  3 frilled lizards
  4 rats
69 creatures vanquished.

Vanquished Creatures (others)
  13 foxfires (D:3)
13 creatures vanquished.

Grand Total: 82 creatures vanquished

Notes
Turn   | Place    | Note
-------+----------+-------------------------------------------
     0 | D:1      | backslashecho the Human Cinder Acolyte began the quest for
                  | the Orb.
     0 | D:1      | Reached XP level 1. HP: 18/18 MP: 2/2
   122 | D:1      | Reached XP level 2. HP: 24/24 MP: 3/3
   276 | D:1      | Found a faded altar of an unknown god.
   334 | D:1      | Reached skill level 1 in Unarmed Combat
   352 | D:1      | Reached XP level 3. HP: 27/29 MP: 4/4
   899 | D:2      | Reached XP level 4. HP: 19/35 MP: 5/5
  1066 | D:2      | Reached skill level 4 in Axes
  1575 | D:3      | Reached XP level 5. HP: 17/42 MP: 6/6
  1988 | D:3      | Found an ancient bone altar of Kikubaaqudgha.
  2048 | D:3      | Reached skill level 1 in Armour
  2607 | D:4      | Reached skill level 5 in Axes
  2607 | D:4      | Reached XP level 6. HP: 19/48 MP: 7/7
  2777 | D:4      | Noticed an ogre
  2818 | D:4      | Noticed Edmund
  2837 | D:4      | Noticed an ogre
  2842 | D:4      | Slain by Edmund

Illustrated notes

Levels and vault maps discovered:
D:1:      wander_arrival_desolate, layout_loops_ring,
          ebering_ecumenical_altar_petrified, chequers_serial_rivers_micro_b,
          minivault_26
D:2:      layout_rooms
D:3:      layout_rooms, kiku_gazebo_pond_becter
D:4:      layout_basic, minmay_temple_entry_glass, uniq_edmund

Skill      XL: |  1  2  3  4  5 |
---------------+----------------+-----
Unarmed Combat | 1 |  1.5
Axes           | 4 5 |  5.1
Armour         | 1 |  1.7
Fighting       | 4 |  4.1
Spellcasting   | |  1.0
Fire Magic     | |  3.0

Action                     |  1- 3 |  4- 6 || total
---------------------------+-------+-------++-------
  Melee: Hand axe          |    96 |   167 ||   263
         Punch             |     1 |     1 ||     2
  Throw: Dart              |       |     7 ||     7
 Invoke: Foxfire Swarm     |       |     1 ||     1
    Use: Scroll            |     5 |     3 ||     8
         Potion            |       |     1 ||     1
 Armour: Robe              |     1 |       ||     1
         Ring mail         |    37 |    29 ||    66
         Chain mail        |       |    78 ||    78
  Dodge: Dodged            |    51 |    79 ||   130
